 Dungeon Crawl Stone Soup version 0.24.1-8-ga250c9d538 (webtiles) character file.

Game seed: 11359864494654796768, levelgen mode: deterministic

339 dondy the Slasher (level 6, -2/47 HPs)
             Began as a Demonspawn Abyssal Knight on May 6, 2020.
             Was a Priest of Lugonu.
             Slain by an ogre
             ... wielding a +0 giant club
              (10 damage)
             ... on level 4 of the Dungeon.
             The game lasted 00:13:26 (2769 turns).

dondy the Slasher (Demonspawn Abyssal Knight)       Turns: 2769, Time: 00:13:26

Health: -2/47      AC: 12    Str: 14    XL:     6   Next: 29%
Magic:  0/9        EV:  6    Int: 13    God:    Lugonu [***...]
Gold:   227        SH:  0    Dex: 13    Spells: 5/5 levels left

rFire    . . .     SeeInvis .   a - +1 falchion
rCold    . . .     Gourm    .   (no shield)
rNeg     . . .     Faith    .   A - +0 chain mail
rPois    .         Spirit   +   (no helmet)
rElec    .         Reflect  .   (no cloak)
rCorr    .         Harm     .   d - +0 pair of gloves
MR       .....                  (no boots)
Stlth    ..........             n - amulet of regeneration
HPRegen  0.55/turn              f - ring of wizardry
MPRegen  0.11/turn              (no ring)

@: no status effects
A: claws 1, slimy green scales 2, magic shield
a: Depart the Abyss, Bend Space, Banish, Renounce Religion


You were on level 4 of the Dungeon.
You worshipped Lugonu.
Lugonu was most pleased with you.
You were hungry.

You visited 2 branches of the dungeon, and saw 7 of its levels.
You visited the Abyss 1 time.

You collected 227 gold pieces.

Inventory:

Hand Weapons
 a - a +1 falchion (weapon)
 s - a cursed -2 dagger
 y - a +0 rapier
Missiles
 w - a javelin
 x - 16 poisoned darts (quivered)
Armour
 d - a +0 pair of gloves (worn)
 A - a +0 chain mail (worn)
Jewellery
 f - a ring of wizardry (left hand)
 n - an amulet of regeneration (around neck)
Scrolls
 b - 2 scrolls of blinking {unknown}
 e - 3 scrolls of remove curse {unknown}
 g - 3 scrolls of immolation {unknown}
 h - 4 scrolls of enchant armour {unknown}
 j - a scroll of random uselessness {unknown}
 k - a scroll of fog {unknown}
 m - 6 scrolls of identify {unknown}
 o - 6 scrolls of teleportation {unknown}
 p - a scroll of fear {unknown}
 u - a scroll of enchant weapon {unknown}
 v - a scroll of noise {unknown}
 z - 2 scrolls of amnesia {unknown}
Potions
 i - 3 potions of curing {unknown}
 l - a potion of magic {unknown}
 q - 2 potions of flight {unknown}
 r - a potion of might {unknown}
 t - a potion of brilliance {unknown}
 B - 2 potions of heal wounds {unknown}
Comestibles
 c - 6 rations


   Skills:
 - Level 3.0 Fighting
 * Level 5.5 Long Blades
 - Level 2.0 Armour
 - Level 1.0 Dodging
 + Level 4.3 Invocations


You had 5 spell levels left.
You didn't know any spells.
Your spell library contained the following spells:

 Spells                   Type           Power        Failure   Level  Hunger
 Beastly Appendage        Tmut           #.....       95%         1    ##.....
 Sticks to Snakes         Tmut           #.......     99%         2    ###....
 Spider Form              Tmut/Pois      #.........   100%        3    ####...
 Ice Form                 Ice/Tmut       #.......     100%        4    #####..
 Blade Hands              Tmut           #.........   100%        5    ######.


Dungeon Overview and Level Annotations

Branches:
Dungeon (6/15)             Temple (1/1) D:6

Altars:
Ashenzari
Nemelex Xobeh
Okawaru
Ru
Uskayaw
Xom


Innate Abilities, Weirdness & Mutations

You have sharp fingernails.
You are mostly covered in slimy green scales. (AC +3)
When hurt, damage is shared between your health and your magic reserves.


Message History

The ogre completely misses you.
Your chain mail prevents you from hitting the ogre.
The ogre is heavily wounded.
The ogre hits you with a +0 giant club!!
You hit the ogre.
The ogre is heavily wounded.
You hit the ogre but do no damage.
The ogre is heavily wounded.
The ogre closely misses you.
You hit the ogre.
The ogre is severely wounded.
The ogre barely misses you.
You hit the ogre.
The ogre is severely wounded.
The ogre hits you with a +0 giant club!
* * * LOW HITPOINT WARNING * * *
You slash the ogre!
The ogre is almost dead.
The ogre hits you with a +0 giant club!
You die...

......# +......#....#
....... #.###.#
#......#....##.......
#+# .#
##.#####.............
...# # #.......#.....
....... #.......# ###
....... ####.......#
## .......
#...##.....# ..
....###
##.#...##.....#.#
..#.#
.......@O.......#
###.#
...#...###...####
#... #.....# ####
##....# #w...# #....#
#....# #....#
+....##.#.


You could see an ogre.

Vanquished Creatures
  A crimson imp (D:4)
  A bullfrog skeleton (D:5)
  A hound (D:6)
  2 iguanas (D:4)
  2 worker ants (D:4)
  6 adders (D:2)
  An adder skeleton (D:4)
  2 worms
  4 dart slugs
  4 leopard geckos
  2 orcs (D:5)
  3 giant cockroaches
  13 goblins
  5 hobgoblins
  4 jackals (D:2)
  A quokka (D:6)
  A ball python (D:3)
  4 bats
  2 frilled lizards (D:2)
  13 kobolds
  A leopard gecko skeleton (D:6)
  A leopard gecko zombie (D:5)
  9 rats
83 creatures vanquished.

Notes
Turn   | Place    | Note
-------+----------+-------------------------------------------
     0 | Abyss:1  | dondy the Demonspawn Abyssal Knight began the quest for the
                  | Orb.
     0 | Abyss:1  | Reached XP level 1. HP: 18/18 MP: 2/2
    21 | D:1      | Escaped the Abyss
    31 | D:1      | Reached skill level 2 in Long Blades
   253 | D:1      | Gained mutation: You are partially covered in slimy green
                  | scales. (AC +2) [demonic ancestry]
   253 | D:1      | Reached XP level 2. HP: 5/24 MP: 4/4
   900 | D:1      | Reached skill level 3 in Long Blades
   930 | D:1      | Reached XP level 3. HP: 29/29 MP: 5/5
   940 | D:1      | Reached ** piety under Lugonu
  1265 | D:2      | Gained mutation: You are mostly covered in slimy green
                  | scales. (AC +3) [demonic ancestry]
  1265 | D:2      | Reached XP level 4. HP: 30/35 MP: 6/6
  1299 | D:2      | Reached skill level 4 in Long Blades
  1541 | D:2      | Found a sparkling altar of Nemelex Xobeh.
  1685 | D:3      | Reached *** piety under Lugonu
  1712 | D:3      | Found a shattered altar of Ashenzari.
  1793 | D:3      | Reached skill level 1 in Dodging
  1877 | D:3      | Found an iron altar of Okawaru.
  1877 | D:3      | Found a shimmering altar of Xom.
  1932 | D:3      | You fall into a shaft and drop 3 floors!
  1945 | D:6      | Found a hide-covered altar of Uskayaw.
  1997 | D:5      | Entered Level 5 of the Dungeon
  2000 | D:5      | Found a sacrificial altar of Ru.
  2032 | D:5      | Gained mutation: You have sharp fingernails. [demonic
                  | ancestry]
  2032 | D:5      | Reached XP level 5. HP: 29/41 MP: 7/7
  2059 | D:6      | Found a staircase to the Ecumenical Temple.
  2076 | Temple   | Entered the Ecumenical Temple
  2308 | D:5      | Noticed a phantom
  2345 | D:4      | Reached skill level 5 in Long Blades
  2564 | D:4      | Gained mutation: When hurt, damage is shared between your
                  | health and your magic reserves. [demonic ancestry]
  2564 | D:4      | Reached XP level 6. HP: 47/47 MP: 7/9
  2769 | D:4      | Slain by an ogre

Levels and vault maps discovered:
D:1:      dpeg_arrival_pits, layout_rooms
D:2:      layout_basic, lemuel_crystal_altar, guppyfry_early_lair_pool
D:3:      layout_basic, gammafunk_temple_overflow_wave,
          nicolae_ashenzari_panopticon
D:4:      layout_basic, kennysheep_slug_shrine, hangedman_decor_peaks_small,
          bloody_trog
D:5:      layout_loops_ring, nicolae_overflow_hidden_temple,
          kennysheep_little_box, tgw_sif, first_ration
D:6:      kennysheep_housing_project, layout_rooms,
          nicolae_overflow_crystal_walls, minmay_temple_entry_slanted,
          chequers_serial_rivers_room_b, chequers_jeans,
          kennysheep_generic_room_2
Temple:   cyrus_temple_forest

Skill      XL: |  1  2  3  4  5 |
---------------+----------------+-----
Long Blades    | 2 3 4 5 |  5.5
Invocations    | 3 4 |  4.3
Dodging        | 1 |  1.0
Armour         | 2 |  2.0
Fighting       | |  3.0

Action                   |  1- 3 |  4- 6 || total
-------------------------+-------+-------++-------
Melee: Falchion          |    97 |   219 ||   316
Throw: Javelin           |     2 |     1 ||     3
       Dart              |       |     1 ||     1
  Eat: Chunk             |     1 |     5 ||     6
Armor: Leather armour    |    34 |    21 ||    55
       Chain mail        |       |    87 ||    87
Dodge: Dodged            |    55 |    83 ||   138
       Rpst.: Falchion   |     9 |    25 ||    34
